Map: Acropolis LE

Players

SHODAN - Winner!

  • Race: Terran Terran
  • League: Master
  • Spawn Location: 5:00

Mez

  • Race: Terran Terran
  • League: Master
  • Spawn Location: 11:00

VOD

Have the link to the VOD?

Description

Time

  • Played on: Aug. 24, 2019, 9:44 p.m.
  • Length: 9:15
Show
View Real Time Build Order
Export as new Build Order

SHODAN Terran - Winner!

Build Orders:  

Get SALT Encoding   

  12  0:00  SCV  
  13  0:12  SCV  
  14  0:17  Supply Depot  
  14  0:25  SCV  
  15  0:38  SCV  
  15  0:40  Barracks  
  16  0:43  Refinery  
  16  0:49  Refinery  
  16  0:54  SCV  
  17  1:06  SCV  
  18  1:18  SCV  
  19  1:27  Reaper  
  19  1:30  Orbital Command  
  20  1:40  Factory  
  20  1:45  Supply Depot  
  20  1:56  SCV  
  20  1:59  Reaper  
  22  2:08  SCV  
  23  2:20  SCV  
  24  2:25  Command Center  
  26  2:32  Barracks Tech Lab  
  26  2:39  SCV, Hellion  
  26  2:42  Supply Depot  
  27  2:51  SCV  
  27  2:57  Barracks, Barracks Reactor  
  28  3:04  SCV  
  29  3:06  Cyclone  
  32  3:16  SCV  
  33  3:23  Engineering Bay  
  33  3:28  SCV  
  34  3:38  Marine x2  
  34  3:40  SCV  
  36  3:43  Orbital Command  
  35  3:48  Starport  
  35  3:49  Terran Infantry Weapons Level 1  
  35  3:52  SCV  
  35  3:54  Stimpack  
  36  4:02  Factory Reactor  
  36  4:04  Marine x2  
  36  4:06  Marine  
  36  4:07  SCV  
  36  4:08  SCV  
  41  4:19  SCV  
  41  4:21  SCV  
  41  4:22  Marine x2  
  45  4:24  Marine  
  46  4:31  SCV  
  46  4:33  SCV  
  46  4:35  Supply Depot  
  48  4:41  Medivac  
  48  4:42  Marine, Medivac  
  48  4:44  Barracks, SCV  
  53  4:51  Marine  
  54  4:54  Supply Depot  
  54  4:57  Marine  
  55  5:00  SCV  
  55  5:01  Factory Tech Lab  
  55  5:02  SCV  
  57  5:07  Supply Depot  
  57  5:11  Marine x2  
  57  5:12  SCV  
  60  5:16  Marine  
  60  5:17  SCV  
  62  5:22  Starport Reactor  
  62  5:24  SCV  
  63  5:29  Marine, Command Center  
  64  5:43  Marine x2  
  64  5:44  Siege Tank  
  64  5:46  SCV  
  64  5:47  Marine  
  64  5:48  Refinery x2  
  64  5:49  Supply Depot  
  71  5:50  Supply Depot  
  71  5:52  Terran Infantry Armor Level 1  
  71  5:53  Combat Shield  
  71  5:56  Marine x2  
  73  6:00  SCV  
  74  6:07  SCV  
  75  6:12  Marine x3  
  75  6:13  SCV, Supply Depot  
  75  6:14  Medivac  
  81  6:19  SCV  
  81  6:21  Medivac  
  81  6:22  Marine  
  81  6:23  Marine  
  81  6:25  SCV  
  87  6:32  SCV  
  88  6:37  SCV  
  86  6:47  Marine  
  86  6:48  Marine x4  
  86  6:49  Siege Tank  
  94  6:55  Armory, Engineering Bay  
  94  6:57  Barracks  
  94  6:58  Barracks  
  93  7:05  Marine  
  93  7:06  Marine x4  
  93  7:07  Medivac x2  
  101  7:14  SCV x2  
  101  7:23  Marine x2, Siege Tank  
  101  7:26  SCV x2  
  108  7:31  Supply Depot  
  108  7:32  Orbital Command  
  108  7:37  Marine x2  
  108  7:38  Marine, SCV  
  108  7:43  SCV, Supply Depot  
  113  7:49  Marine x2  
  113  7:50  SCV, Barracks Reactor x2  
  116  7:57  SCV, Refinery  
  117  8:10  Marine x5  
  117  8:11  Siege Tank  
  117  8:12  SCV x2  
  127  8:13  SCV  
  127  8:16  Refinery  
  127  8:18  Supply Depot  
  128  8:24  SCV  
  126  8:28  Marine  
  126  8:33  Marine x7  
  128  8:42  Marine  
  128  8:46  Marine  
  128  8:47  SCV  
  131  8:50  Marine  
  131  8:51  Marine x4, Factory  
Show
View Real Time Build Order
Export as new Build Order

Mez Terran 

Build Orders: Cyclone Opening, Gas First Reaper Expand 

Get SALT Encoding   

  12  0:01  SCV  
  13  0:13  SCV  
  14  0:17  Supply Depot  
  14  0:25  SCV  
  14  0:28  Refinery  
  15  0:39  SCV  
  16  0:45  Barracks  
  16  0:51  SCV  
  17  1:03  SCV  
  18  1:15  SCV  
  19  1:32  Orbital Command, Reaper  
  20  1:42  Command Center  
  20  1:53  Factory  
  20  1:58  SCV  
  21  2:06  Barracks Reactor  
  21  2:08  Supply Depot  
  21  2:11  SCV  
  22  2:16  Refinery  
  22  2:33  SCV  
  23  2:38  Factory Tech Lab  
  23  2:43  Marine x2  
  25  2:45  SCV  
  26  2:53  Orbital Command  
  26  2:57  Cyclone  
  29  3:00  SCV  
  29  3:01  Marine x2  
  32  3:06  Starport  
  32  3:13  Refinery  
  32  3:18  Marine x2  
  32  3:19  SCV  
  35  3:20  SCV  
  36  3:30  Cyclone  
  38  3:39  SCV  
  38  3:41  Marine x2  
  41  3:44  Starport Tech Lab  
  41  3:47  SCV  
  42  3:51  SCV, Supply Depot  
  43  3:59  SCV  
  44  4:03  Raven  
  46  4:12  Marine  
  46  4:13  SCV x2  
  49  4:19  Supply Depot  
  49  4:23  Siege Tank  
  52  4:25  SCV x2  
  54  4:40  Supply Depot  
  54  4:41  Marine x2, SCV x2, Supply Depot  
  58  4:51  Raven  
  59  4:53  SCV x2  
  61  5:01  Command Center  
  61  5:05  Siege Tank, SCV  
  61  5:06  Marine x2  
  67  5:08  SCV  
  67  5:10  Supply Depot  
  68  5:20  Barracks  
  68  5:22  Barracks  
  70  5:34  SCV x2  
  64  5:46  Marine, Siege Tank, SCV  
  69  5:52  Engineering Bay  
  69  5:53  Engineering Bay  
  69  5:54  SCV  
  69  5:56  Refinery  
  70  5:58  SCV  
  70  6:02  Supply Depot  
  71  6:07  Supply Depot  
  72  6:13  Orbital Command  
  72  6:16  SCV x2  
  74  6:21  Barracks Reactor x2  
  73  6:25  Terran Infantry Armor Level 1, Terran Infantry Weapons Level 1  
  73  6:30  Supply Depot  
  73  6:31  Barracks x2  
  62  6:49  Marine  
  62  6:50  Siege Tank  
  62  6:52  SCV x2  
  62  6:53  Medivac  
  62  6:54  Medivac  
  65  6:59  Factory  
  65  7:07  Marine, SCV x3  
  69  7:19  SCV x2  
  69  7:21  Marine x4, Barracks Reactor  
  76  7:30  SCV, Refinery  
  76  7:31  SCV  
  78  7:39  Marine x4  
  78  7:41  Barracks Reactor  
  81  7:45  Viking x2  
  81  7:49  Barracks Tech Lab  
  81  7:51  Barracks Reactor  
  85  7:54  SCV x3  
  85  7:56  Marine  
  85  7:58  Marine x4  
  89  7:59  Marine  
  92  8:06  SCV  
  93  8:14  Marine x2, Factory Tech Lab, Siege Tank  
  93  8:16  Marine x2  
  93  8:19  SCV  
  103  8:20  SCV x2  
  90  8:31  SCV  
  83  8:44  Marine x5  
  83  8:45  Marine x3  
  86  8:57  Marine  
Tags
 
Add a new tag
Caveats
  • Supply blocks, unpowered buildings, or Contaminate may cause inaccurate times.
  • Supply counts are checked every 10 seconds.